 Dungeon Crawl Stone Soup version bcrawl-1.31 (console) character file.

Game seed: 12170195443546843561

206714 GodsVoicemail the Digger (level 8, -4/52 HPs)
             Began as an Octopode Earth Elementalist on Mar 22, 2021.
             Was a Believer of Nemelex Xobeh.
             Killed from afar by an orc wizard (5 damage)
             ... with a magic dart
             ... on level 7 of the Dungeon on Apr 5, 2021.
             The game lasted 00:31:29 (4658 turns).

GodsVoicemail the Digger (OpEE)                     Turns: 4658, Time: 00:31:30

Health: -4/52      AC:  1    Str:  3 (5)  XL:     8   Next: 1%
Magic:  12/12      EV: 13    Int: 22 (24) God:    Nemelex Xobeh [**....]
Gold:   70         SH:  0    Dex: 12      Spells: 7/13 levels left

rFire    + + .     SeeInvis +   b - +0 hunting sling
rCold    . . .     Gourm    .   (no shield)
rNeg     . . .     Faith    .   (helmet restricted)
rPois    .         Spirit   .   u - scarf {rC+ rF+}
rElec    .         Reflect  .   (no amulet)
rCorr    .         Harm     .   l - ring "Vanopu" {Fire Str-4 Int+6}
MR       .....                  q - ring of see invisible
Stlth    +++.......             y - ring of wizardry
HPRegen  0.17/turn              (no ring)
MPRegen  0.13/turn              (no ring)
                                (no ring)
                                (no ring)
                                (no ring)

@: lethally poisoned (-4 -> -10), swift, flying, very quick
A: almost no armour, stealthy swim, amphibious, 8 rings, constrict 8, camouflage
1, gelatinous body 1
a: Draw Escape, Draw Destruction, Draw Summoning, Triple Draw, Renounce Religion


You were on level 7 of the Dungeon.
You worshipped Nemelex Xobeh.
Nemelex Xobeh was pleased with you.
You were not hungry.

You visited 1 branch of the dungeon, and saw 6 of its levels.

You collected 300 gold pieces.
You spent 230 gold pieces at shops.

Inventory:

Hand Weapons
 a - a +2 flail of protection
 b - a +0 hunting sling (weapon)
Missiles
 g - 281 sling bullets (quivered)
 k - 576 stones
 o - 56 needles of confusion
 p - 507 arrows
Armour
 u - a scarf of resistance (worn)
Jewellery
 l - the ring "Vanopu" (left tentacle) {Fire Str-4 Int+6}
   (You found it on level 1 of the Dungeon)

   [ring of fire]

   It enhances your fire magic.
   It affects your strength (-4).
   It affects your intelligence (+6).
   It protects you from fire.
   It makes you vulnerable to cold.
 q - a ring of see invisible (right tentacle)
 y - a ring of wizardry (on tentacle)
Wands
 x - a wand of digging (10)
Scrolls
 c - a scroll of immolation
 i - 3 scrolls of identify
 j - 2 scrolls of teleportation
 s - 2 scrolls of remove curse
Potions
 f - a potion of degeneration
 h - a potion of magic
Comestibles
 e - 7 rations {!d}
 m - 4 chunks of flesh


   Skills:
 - Level 3.2 Fighting
 + Level 2.5 Dodging
 + Level 3.9 Stealth
 + Level 3.3 Spellcasting
 - Level 1.0 Transmutations
 * Level 6.8 Earth Magic
 + Level 3.3 Invocations


You had 7 spell levels left.
You knew the following spells:

 Your Spells              Type           Power        Failure   Level  Hunger
a - Sandblast             Erth           ####..       1%          1    None
b - Passwall              Tmut/Erth      ###.....     1%          2    #......
c - Stone Arrow           Conj/Erth      ###...       3%          3    ####...

Your spell library contained the following spells:

 Spells                   Type           Power        Failure   Level  Hunger
 Lee's Rapid Deconstruct  Erth           ####......   9%          5    ######.
 Petrify                  Tmut/Erth      ###.......   10%         4    #####..


Dungeon Overview and Level Annotations

Branches:
Dungeon (5/12)             Temple (0/1) D:7

Altars:
Hepliaklqana
Nemelex Xobeh
Qazlal
Sif Muna

Shops:
D:4 =

Annotations:
D:5 3 runed translucent doors, exclusions: 3 doors and worker ant, Maplein's ghost, novice MiMo


Innate Abilities, Weirdness & Mutations

You cannot wear most types of armour.
You are very stealthy in the water. (Stealth+)
You are amphibious.
You can wear up to eight rings at the same time.
You can use your tentacles to constrict eight enemies at once.
Your skin changes colour to match your surroundings (Stealth+).
Your rubbery body absorbs attacks. (AC +1, EV +1)


Message History

You feel sick.
* * * LOW HITPOINT WARNING * * *
You feel sick.
* * * LOW HITPOINT WARNING * * *
You feel sick.
A quokka comes into view.
* * * LOW HITPOINT WARNING * * *
You feel sick.
* * * LOW HITPOINT WARNING * * *
You feel sick.
* * * LOW HITPOINT WARNING * * *
You feel sick.
* * * LOW HITPOINT WARNING * * *
You feel sick.
* * * LOW HITPOINT WARNING * * *
You feel sick. The orc wizard casts a spell at you. The magic dart hits you.
You die...
Your body disappears without a glow.

#..#....#
.D#.#.##.# #
#......# #..o####
#...# ###...#
#.....#
######.#####.#...#
#.....ZS........@#
...###≈. ≈###....#
..# ..# #...#...#
#.#.⌠.# #.⌠.#...#
#.#...# #.. #...#
#..###≈≈≈≈###...##
#....≈;≈≈≈≈.....
#...S≈≈≈≈≈≈(....
#..###≈≈≈≈###..#


You could see an orc wizard.

Vanquished Creatures
  A water moccasin (D:7)
  An ogre (D:4)
  A bullfrog (D:7)
  A scorpion (D:4)
  2 howler monkeys
  2 crimson imps
  3 hounds (D:4)
  An orc wizard (D:4)
  4 worker ants
  9 adders
  A gnoll (D:5)
  A worm (D:2)
  2 dart slugs
  2 leopard geckos (D:3)
  4 orcs
  2 ball pythons
  3 giant cockroaches (D:1)
  7 goblins
  6 hobgoblins
  7 jackals (D:5)
  2 quokkas
  4 bats
  3 frilled lizards (D:1)
  A jackal skeleton (D:3)
  9 kobolds
  A quokka skeleton (D:4)
  A quokka zombie (D:5)
  7 rats
88 creatures vanquished.

Vanquished Creatures (others)
  A fungus (D:5)
  2 plants (D:5)
3 creatures vanquished.

Grand Total: 91 creatures vanquished

Notes
Turn   | Place    | Note
-------+----------+-------------------------------------------
     0 | D:1      | GodsVoicemail the Octopode Earth Elementalist began the
                  | quest for the Orb.
     0 | D:1      | Reached XP level 1. HP: 11/11 MP: 3/3
   322 | D:1      | Reached XP level 2. HP: 17/17 MP: 1/5
   535 | D:1      | Learned a level 2 spell: Passwall
   549 | D:1      | Got a smoking iron ring
   555 | D:1      | Identified the cursed ring "Vanopu" {Fire Str-4 Int+6} (You
                  | found it on level 1 of the Dungeon)
   766 | D:1      | Reached skill level 4 in Earth Magic
   809 | D:1      | Reached XP level 3. HP: 22/22 MP: 6/6
  1330 | D:2      | Learned a level 3 spell: Stone Arrow
  1347 | D:2      | Found a stormy altar of Qazlal.
  1351 | D:2      | Found a sparkling altar of Nemelex Xobeh.
  1397 | D:2      | Became a worshipper of Nemelex Xobeh the Trickster
  1541 | D:2      | Received a gift from Nemelex Xobeh
  1592 | D:2      | Reached skill level 1 in Fighting
  1592 | D:2      | Reached XP level 4. HP: 28/28 MP: 5/7
  2133 | D:3      | Found a shimmering blue altar of Sif Muna.
  2348 | D:3      | Reached XP level 5. HP: 33/33 MP: 8/8
  2499 | D:3      | Received a gift from Nemelex Xobeh
  2523 | D:3      | Reached * piety under Nemelex Xobeh
  2995 | D:4      | Reached skill level 5 in Earth Magic
  3067 | D:4      | Reached skill level 1 in Invocations
  3077 | D:4      | Reached XP level 6. HP: 39/39 MP: 3/10
  3205 | D:4      | Found Goawesu's Jewellery Boutique.
  3263 | D:4      | Reached skill level 6 in Earth Magic
  3263 | D:4      | Reached XP level 7. HP: 45/45 MP: 8/11
  4051 | D:4      | Bought an uncursed ring of wizardry for 230 gold pieces
  4095 | D:5      | Entered Level 5 of the Dungeon
  4216 | D:5      | Reached ** piety under Nemelex Xobeh
  4260 | D:5      | Found a runed translucent gate.
  4261 | D:5      | Found a runed translucent gate.
  4262 | D:5      | Found a runed translucent gate.
  4264 | D:5      | Identified the +6 whip of the Rat {chaos, rF+ MR+}
  4264 | D:5      | Noticed Maplein's ghost (novice MiMo)
  4429 | D:5      | Received a gift from Nemelex Xobeh
  4446 | D:5      | You fall into a shaft and drop 2 floors!
  4446 | D:7      | Noticed a slime creature
  4448 | D:7      | Noticed a steam dragon
  4471 | D:7      | Found a staircase to the Ecumenical Temple.
  4560 | D:7      | Found a hazy altar of Hepliaklqana.
  4628 | D:7      | Reached XP level 8. HP: 16/52 MP: 1/12
  4656 | D:7      | HP: 2/52 [poisoned by a scorpion]
  4658 | D:7      | Killed from afar by an orc wizard

Skill      XL: |  1  2  3  4  5  6  7 |
---------------+----------------------+-----
Earth Magic    | 4 5 6 |  6.8
Fighting       | 1 2 3 |  3.2
Invocations    | 1 2 3 |  3.3
Spellcasting   | 3 |  3.3
Dodging        | |  2.5
Stealth        | |  3.9
Transmutations | |  1.0

Action                   |  1- 3 |  4- 6 |  7- 9 || total
-------------------------+-------+-------+-------++-------
Melee: Club              |     8 |       |       ||     8
       Unarmed           |     2 |       |       ||     2
       Constrict         |     7 |     1 |     5 ||    13
       Dagger            |    12 |     4 |       ||    16
       Tentacles         |     3 |       |     2 ||     5
       Flail             |       |       |    18 ||    18
 Fire: Hunting sling     |    29 |    48 |    38 ||   115
 Cast: Sandblast         |    27 |    34 |    15 ||    76
       Stone Arrow       |       |       |     4 ||     4
 Abil: Draw Escape       |       |       |     1 ||     1
  Use: Scroll            |       |       |     8 ||     8
       Potion            |       |       |     8 ||     8
 Stab: Sleeping          |     3 |     1 |       ||     4
  Eat: Chunk             |     4 |     7 |     7 ||    18
Armor: Skin              |     3 |       |     3 ||     6
Dodge: Dodged            |    14 |     7 |    25 ||    46
